TOP OF THE 1ST |
Los Cabos Cartel batting - Pitching for Boston Rebels : RHP Ramón López
|
Pitching: RHP Ramón López
|
|
Batting: LHB Pablo Reyes
|
0-0: Ball 1-0: Ball 2-0: Called Strike 2-1: Swinging Strike 2-2: Strikes out swinging passed ball, reaches first!
|
Batting: RHB Fernando Martínez
|
0-0: Foul Ball, location: 2F 0-1: Foul Ball, location: 2F 0-2: Ball 1-2: Foul Ball, location: 2F 1-2: Ball 2-2: Strikes out swinging
|
Batting: SHB Julián Madrid
|
0-0: Ball 1-0: Foul Ball, location: 2F 1-1: Ball Pickoff Throw to First - Out! 2-1: Foul Ball, location: 2F 2-2: Ball 3-2: Strikes out swinging
|
Top of the 1st over - 0 run(s), 0 hit(s), 0 error(s), 0 left on base; Los Cabos 0 - Boston 0 |
BOTTOM OF THE 1ST |
Boston Rebels batting - Pitching for Los Cabos Cartel : RHP Toshikasu Kiyomizu
|
Pitching: RHP Toshikasu Kiyomizu
|
|
Batting: LHB Tony Ramírez
|
0-0: Ball 1-0: Ball 2-0: Called Strike 2-1: Ground out 5-3 (Groundball, 5)
|
Batting: LHB Bill Wilson
|
0-0: Called Strike 0-1: Ground out 4-3 (Groundball, 4MS)
|
Batting: LHB Bill Wilson
|
0-0: Ball 1-0: Called Strike 1-1: Foul Ball, location: 2F 1-2: Ball 2-2: Strikes out swinging
|
Bottom of the 1st over - 0 run(s), 0 hit(s), 0 error(s), 0 left on base; Los Cabos 0 - Boston 0 |
TOP OF THE 2ND |
Los Cabos Cartel batting - Pitching for Boston Rebels : RHP Ramón López
|
Batting: RHB Edward Young
|
0-0: Ball 1-0: Ball 2-0: SINGLE (Line Drive, 56D)
|
Batting: LHB Willie Wallace
|
0-0: Ball 1-0: Ball Passed Ball! Edward Young to second 2-0: Fly out, F7 (Line Drive, 7)
|
Batting: LHB Tom Waller
|
0-0: Called Strike 0-1: Ball 1-1: Foul Ball, location: 2F 1-2: Strikes out swinging
|
Batting: RHB Danny Crouch
|
0-0: Foul Ball, location: 2F 0-1: SINGLE (Groundball, 34D) Edward Young to third Runner from 3rd tries for Home, SAFE, no throw
|
Batting: RHB Fernando Gálvez
|
0-0: Ball 1-0: Foul Ball, location: 2F 1-1: Ball 2-1: Ball 3-1: Foul Ball, location: 2F 3-2: Strikes out looking
|
Top of the 2nd over - 1 run(s), 2 hit(s), 0 error(s), 1 left on base; Los Cabos 1 - Boston 0 |
BOTTOM OF THE 2ND |
Boston Rebels batting - Pitching for Los Cabos Cartel : RHP Toshikasu Kiyomizu
|
Batting: LHB Miguel Rivería
|
0-0: Ground out 3-1 (Groundball, 34)
|
Batting: LHB Felipe Guerrero
|
0-0: Ball 1-0: Ball 2-0: Called Strike 2-1: Ground out U3 (Groundball, 34)
|
Batting: LHB Sergio Barrón
|
0-0: Ball 1-0: Called Strike 1-1: Ball 2-1: Ball 3-1: Foul Ball, location: 2F 3-2: Foul Ball, location: 2F 3-2: Foul Ball, location: 2F 3-2: SINGLE (Groundball, 6D)
|
Batting: RHB Jesús Dávila
|
0-0: Called Strike 0-1: Fielders Choice at 2nd, 6-4 (Groundball, 6)
|
Bottom of the 2nd over - 0 run(s), 1 hit(s), 0 error(s), 0 left on base; Los Cabos 1 - Boston 0 |
TOP OF THE 3RD |
Los Cabos Cartel batting - Pitching for Boston Rebels : RHP Ramón López
|
Batting: RHB Vern Carlton
|
0-0: Ball 1-0: Called Strike 1-1: Ball 2-1: Ball 3-1: Base on Balls
|
Batting: LHB Pablo Reyes
|
0-0: Fly out, F9 (Flyball, 89M)
|
Batting: RHB Fernando Martínez
|
0-0: Ball 1-0: Swinging Strike 1-1: Foul Ball, location: 2F 1-2: Foul Ball, location: 2F 1-2: Strikes out swinging
|
Batting: SHB Julián Madrid
|
0-0: Ball 1-0: Fly out, F8 (Flyball, 78D)
|
Top of the 3rd over - 0 run(s), 0 hit(s), 0 error(s), 1 left on base; Los Cabos 1 - Boston 0 |
BOTTOM OF THE 3RD |
Boston Rebels batting - Pitching for Los Cabos Cartel : RHP Toshikasu Kiyomizu
|
Batting: RHB Gerardo Escobedo
|
0-0: Ball 1-0: Called Strike 1-1: Ground out 6-3 (Groundball, 56)
|
Batting: RHB Alberto Ramos
|
0-0: Called Strike 0-1: Foul Ball, location: 2F 0-2: Ball 1-2: Fly out, F9 (Line Drive, 9LM)
|
Batting: LHB Tony Ramírez
|
0-0: Ball 1-0: Called Strike 1-1: Ball 2-1: Called Strike 2-2: Foul Ball, location: 2F 2-2: Foul Ball, location: 2F 2-2: Foul Ball, location: 2F 2-2: Ball 3-2: Foul Ball, location: 2F 3-2: Base on Balls
|
Batting: LHB Bill Wilson
|
0-0: Ball 1-0: Ball 2-0: Ball 3-0: Called Strike 3-1: SINGLE (Line Drive, 78S) Tony Ramírez to second
|
Batting: LHB Bill Wilson
|
0-0: Ball 1-0: Foul Ball, location: 2F 1-1: Ball 2-1: DOUBLE (Line Drive, 89D) Tony Ramírez scores Bill Wilson to third Runner from 3rd tries for Home, SAFE, no throw
|
Batting: LHB Miguel Rivería
|
0-0: Called Strike 0-1: DOUBLE (Line Drive, 9LD) Bill Wilson scores
|
Batting: LHB Felipe Guerrero
|
0-0: Ball 1-0: Called Strike 1-1: Ball Wild Pitch! Miguel Rivería to third 2-1: Fly out, F7 (Flyball, 7S)
|
Bottom of the 3rd over - 3 run(s), 3 hit(s), 0 error(s), 1 left on base; Los Cabos 1 - Boston 3 |
TOP OF THE 4TH |
Los Cabos Cartel batting - Pitching for Boston Rebels : RHP Ramón López
|
Batting: RHB Edward Young
|
0-0: SINGLE (Groundball, 6MD)
|
Batting: LHB Willie Wallace
|
0-0: Ball 1-0: Ball 2-0: Swinging Strike 2-1: SINGLE (Groundball, 4MD) Edward Young to second
|
Batting: LHB Tom Waller
|
0-0: Foul Ball, location: 2F 0-1: Foul Ball, location: 2F 0-2: Strikes out swinging
|
Batting: RHB Danny Crouch
|
0-0: Ball 1-0: Ball 2-0: Fly out, F5 (Popup, 5L)
|
Batting: RHB Fernando Gálvez
|
0-0: Ball 1-0: Foul Ball, location: 2F 1-1: Ball 2-1: Foul Ball, location: 2F 2-2: Ball 3-2: Strikes out swinging
|
Top of the 4th over - 0 run(s), 2 hit(s), 0 error(s), 2 left on base; Los Cabos 1 - Boston 3 |
BOTTOM OF THE 4TH |
Boston Rebels batting - Pitching for Los Cabos Cartel : RHP Toshikasu Kiyomizu
|
Batting: LHB Sergio Barrón
|
0-0: Called Strike 0-1: Fly out, F5 (Popup, 5L)
|
Batting: RHB Jesús Dávila
|
0-0: Called Strike 0-1: Ball 1-1: Ground out 1-3 (Groundball, 15S)
|
Batting: RHB Gerardo Escobedo
|
0-0: Called Strike 0-1: DOUBLE (Flyball, 9LM) - OUT at third base trying to stretch hit.
|
Bottom of the 4th over - 0 run(s), 1 hit(s), 0 error(s), 0 left on base; Los Cabos 1 - Boston 3 |
TOP OF THE 5TH |
Los Cabos Cartel batting - Pitching for Boston Rebels : RHP Ramón López
|
Batting: RHB Vern Carlton
|
0-0: Foul Ball, location: 2F 0-1: Ball 1-1: Ball 2-1: Foul Ball, location: 2F 2-2: Foul Ball, location: 2F 2-2: Foul Ball, location: 2F 2-2: DOUBLE (Line Drive, 7LS)
|
Batting: LHB Pablo Reyes
|
0-0: Ground out U3 (Groundball, 3L) Vern Carlton to third
|
Batting: RHB Fernando Martínez
|
0-0: Foul Ball, location: 2F 0-1: Fly out, F8 (Flyball, 8RM) Runner from 3rd tags up, SCORES, throw made
|
Batting: SHB Julián Madrid
|
0-0: Called Strike 0-1: Swinging Strike 0-2: Foul Ball, location: 2F 0-2: Ball 1-2: Ball 2-2: Fly out, F7 (Flyball, 78S)
|
Top of the 5th over - 1 run(s), 1 hit(s), 0 error(s), 0 left on base; Los Cabos 2 - Boston 3 |
BOTTOM OF THE 5TH |
Boston Rebels batting - Pitching for Los Cabos Cartel : RHP Toshikasu Kiyomizu
|
Batting: RHB Alberto Ramos
|
0-0: Called Strike 0-1: Swinging Strike 0-2: Strikes out looking
|
Batting: LHB Tony Ramírez
|
0-0: Reached on error, E5 (Groundball, 56)
|
Batting: LHB Bill Wilson
|
0-0: Ball 1-0: Ball 2-0: Called Strike 2-1: SINGLE (Groundball, 4D) Tony Ramírez to third Runner from 3rd tries for Home, SAFE, throw made home
|
Batting: LHB Bill Wilson
|
0-0: Swinging Strike 0-1: Ball 1-1: Foul Ball, location: 2F 1-2: DOUBLE (Line Drive, 7LM) Bill Wilson to third
|
Batting: LHB Miguel Rivería
|
0-0: Called Strike 0-1: Ball 1-1: Called Strike 1-2: Fly out, F4 (Line Drive, 4) Lined into DP, 4-6 (Line Drive, 4)
|
Bottom of the 5th over - 1 run(s), 2 hit(s), 1 error(s), 1 left on base; Los Cabos 2 - Boston 4 |
TOP OF THE 6TH |
Los Cabos Cartel batting - Pitching for Boston Rebels : RHP Ramón López
|
Batting: RHB Edward Young
|
0-0: Called Strike 0-1: Fly out, F8 (Flyball, 8LD)
|
Batting: LHB Willie Wallace
|
0-0: Ball 1-0: Ball 2-0: Called Strike 2-1: Swinging Strike 2-2: Fly out, F8 (Flyball, 78D)
|
Batting: LHB Tom Waller
|
0-0: Swinging Strike 0-1: SINGLE (Line Drive, 6MD)
|
Batting: RHB Danny Crouch
|
0-0: Fly out, F8 (Flyball, 8LD)
|
Top of the 6th over - 0 run(s), 1 hit(s), 0 error(s), 1 left on base; Los Cabos 2 - Boston 4 |
BOTTOM OF THE 6TH |
Boston Rebels batting - Pitching for Los Cabos Cartel : RHP Toshikasu Kiyomizu
|
Batting: LHB Felipe Guerrero
|
0-0: Ball 1-0: Ball 2-0: Foul Ball, location: 2F 2-1: Foul Ball, location: 2F 2-2: Ball 3-2: Base on Balls
|
Batting: LHB Sergio Barrón
|
0-0: Fly out, F3 (Popup, 34S)
|
Batting: RHB Jesús Dávila
|
0-0: SINGLE (Groundball, 6MD) Felipe Guerrero to second
|
Batting: RHB Gerardo Escobedo
|
0-0: Ball 1-0: SINGLE (Flyball, 6MD) Felipe Guerrero to third Jesús Dávila to second
|
Batting: RHB Alberto Ramos
|
0-0: Ball 1-0: Fly out, F9 (Flyball, 9S)
|
Batting: LHB Tony Ramírez
|
0-0: Called Strike 0-1: DOUBLE (Flyball, 89XD) Felipe Guerrero scores Jesús Dávila scores Gerardo Escobedo to third Runner from 3rd tries for Home, SAFE, no throw
|
Pitching: RHP Pedro Hernández
|
|
Batting: LHB Bill Wilson
|
0-0: Foul Ball, location: 2F 0-1: Swinging Strike 0-2: Ball 1-2: Ball 2-2: Ball 3-2: Foul Ball, location: 2F 3-2: Foul Ball, location: 2F 3-2: Foul Ball, location: 2F 3-2: Strikes out swinging, 2-3 out at first.
|
Bottom of the 6th over - 3 run(s), 3 hit(s), 0 error(s), 1 left on base; Los Cabos 2 - Boston 7 |
TOP OF THE 7TH |
Los Cabos Cartel batting - Pitching for Boston Rebels : RHP Ramón López
|
Batting: RHB Fernando Gálvez
|
0-0: Called Strike 0-1: Foul Ball, location: 2F 0-2: Ball 1-2: Ball 2-2: Ground out 5-3 (Groundball, 56)
|
Batting: RHB Vern Carlton
|
0-0: Foul Ball, location: 2F 0-1: Ball 1-1: Foul Ball, location: 2F 1-2: Ball 2-2: Fly out, F6 (Popup, 6MS)
|
Batting: LHB Pablo Reyes
|
0-0: Ball 1-0: Foul Ball, location: 2F 1-1: Foul Ball, location: 2F 1-2: Ball 2-2: Strikes out looking
|
Top of the 7th over - 0 run(s), 0 hit(s), 0 error(s), 0 left on base; Los Cabos 2 - Boston 7 |
BOTTOM OF THE 7TH |
Boston Rebels batting - Pitching for Los Cabos Cartel : RHP Pedro Hernández
|
Batting: LHB Bill Wilson
|
0-0: DOUBLE (Line Drive, 7D)
|
Batting: LHB Miguel Rivería
|
0-0: Ball 1-0: Ground out 3-1 (Groundball, 34S) Bill Wilson to third
|
Batting: LHB Felipe Guerrero
|
0-0: Fly out, F7 (Flyball, 7S)
|
Batting: LHB Sergio Barrón
|
0-0: Ball 1-0: Foul Ball, location: 2F 1-1: Called Strike 1-2: Ball 2-2: Fly out, F5 (Popup, 5L)
|
Bottom of the 7th over - 0 run(s), 1 hit(s), 0 error(s), 1 left on base; Los Cabos 2 - Boston 7 |
TOP OF THE 8TH |
Los Cabos Cartel batting - Pitching for Boston Rebels : RHP Ramón López
|
Batting: RHB Fernando Martínez
|
0-0: Fly out, F7 (Flyball, 78M)
|
Batting: SHB Julián Madrid
|
0-0: Called Strike 0-1: Called Strike 0-2: SOLO HOME RUN (Flyball, 8RXD), Distance : 428 ft
|
Batting: RHB Edward Young
|
0-0: Swinging Strike 0-1: Ball 1-1: Swinging Strike 1-2: Foul Ball, location: 2F 1-2: Foul Ball, location: 2F 1-2: Foul Ball, location: 2F 1-2: Strikes out swinging, 2-3 out at first.
|
Batting: LHB Willie Wallace
|
0-0: Foul Ball, location: 2F 0-1: Fly out, F7 (Flyball, 7LS)
|
Top of the 8th over - 1 run(s), 1 hit(s), 0 error(s), 0 left on base; Los Cabos 3 - Boston 7 |
BOTTOM OF THE 8TH |
Boston Rebels batting - Pitching for Los Cabos Cartel : RHP Pedro Hernández
|
Batting: RHB Jesús Dávila
|
0-0: Ball 1-0: Foul Ball, location: 2F 1-1: SINGLE (Line Drive, 89M)
|
Batting: RHB Gerardo Escobedo
|
0-0: Ball 1-0: Bunted foul 1-1: Bunted foul 1-2: Foul Ball, location: 2F 1-2: Grounds into double play, 4-6-3 (Groundball, 34)
|
Batting: RHB Alberto Ramos
|
0-0: Ball 1-0: Foul Ball, location: 2F 1-1: Swinging Strike 1-2: Strikes out swinging
|
Bottom of the 8th over - 0 run(s), 1 hit(s), 0 error(s), 0 left on base; Los Cabos 3 - Boston 7 |
TOP OF THE 9TH |
Los Cabos Cartel batting - Pitching for Boston Rebels : RHP Ramón López
|
Batting: LHB Tom Waller
|
0-0: Called Strike 0-1: SOLO HOME RUN (Flyball, 9D), Distance : 419 ft
|
Pitching: RHP Tony Rocha
|
|
Batting: RHB Danny Crouch
|
0-0: Ball 1-0: Swinging Strike 1-1: Foul Ball, location: 2F 1-2: Strikes out looking
|
Batting: RHB Fernando Gálvez
|
0-0: Ball 1-0: Ball 2-0: Called Strike 2-1: Called Strike 2-2: Ground out 6-3 (Groundball, 6)
|
Batting: RHB Vern Carlton
|
0-0: Ball 1-0: Ball 2-0: Foul Ball, location: 2F 2-1: Foul Ball, location: 2F 2-2: Ball 3-2: Ground out 6-3 (Groundball, 6)
|
Top of the 9th over - 1 run(s), 1 hit(s), 0 error(s), 0 left on base; Los Cabos 4 - Boston 7 |
|